 Dungeon Crawl Stone Soup version 0.25-a0-67-g7dccc1bee0 (webtiles) character file.

Game seed: 14521704941017086865, levelgen mode: deterministic

3791 Amnesiac the Thrower (level 9, -14/76 HPs)
             Began as a Troll Hunter on Nov 1, 2019.
             Was an Elder of Okawaru.
             Demolished by a five-headed hydra (19 damage)
             ... on level 9 of the Dungeon.
             The game lasted 00:15:13 (8082 turns).

Amnesiac the Thrower (Troll Hunter)                 Turns: 8082, Time: 00:15:14

Health: -14/76     AC: 11    Str: 23    XL:     9   Next: 95%
Magic:  17/17      EV: 10    Int: 10    God:    Okawaru [****..]
Gold:   652        SH:  0    Dex: 10    Spells: 6/8 levels left

rFire    . . .     SeeInvis .   (no weapon)
rCold    . . .     Gourm    +   (no shield)
rNeg     . . .     Faith    .   D - +2 robe of Obroprim {rPois MR+ Str-2 Int+3}
rPois    +         Spirit   .   r - +2 hat
rElec    .         Reflect  .   q - +0 cloak
rCorr    .         Harm     +   (gloves unavailable)
MR       +....                  (boots unavailable)
Stlth    +.........             g - amulet of harm
HPRegen  0.62/turn              k - ring of magical power
MPRegen  0.15/turn              w - ring of flight

@: no status effects
A: large, unfitting armour, claws 3, fast metabolism 3, gourmand, regeneration
1, shaggy fur 1, tough skin 3
a: Heroism, Renounce Religion, Evoke Flight


You were on level 9 of the Dungeon.
You worshipped Okawaru.
Okawaru was greatly pleased with you.
You were full.

You visited 1 branch of the dungeon, and saw 9 of its levels.

You collected 652 gold pieces.

Inventory:

Hand Weapons
 A - the +0 flail of Shame {antimagic, rC+ Stlth+}
   (You found it on level 6 of the Dungeon)

   It reduces the magical energy of the wielder, and disrupts the spells and
   magical abilities of those hit.
   Natural abilities and divine invocations are not affected.
   It protects you from cold.
   It makes you more stealthy.
 G - a +2 dagger of venom
Missiles
 d - a throwing net (quivered)
 e - 236 stones
 J - 17 sling bullets
 K - 2 silver javelins
 L - 4 javelins
Armour
 q - a +0 cloak (worn)
 r - a +2 hat (worn)
 D - the +2 robe of Obroprim (worn) {rPois MR+ Str-2 Int+3}
   (You found it on level 6 of the Dungeon)

   It affects your strength (-2).
   It affects your intelligence (+3).
   It protects you from poison.
   It affects your resistance to hostile enchantments.
Jewellery
 g - an amulet of harm (around neck)
 k - a ring of magical power (left claw)
 w - a ring of flight (right claw)
 M - a +5 ring of intelligence {unknown}
Wands
 y - a wand of iceblast (8)
 C - a wand of polymorph (9)
Scrolls
 a - 2 scrolls of enchant weapon {!r}
 b - a scroll of immolation {!r, unknown}
 i - 2 scrolls of teleportation {!r}
 j - 4 scrolls of enchant armour {!r}
 m - 5 scrolls of remove curse {!r}
 p - 5 scrolls of magic mapping {!r}
 t - a scroll of fog {!r}
 u - 2 scrolls of identify {!r}
 z - a scroll of blinking {!r}
 F - a scroll of brand weapon {!r}
Potions
 h - 5 potions of heal wounds {!q}
 l - 7 potions of curing {!q}
 n - 4 potions of ambrosia {!q, unknown}
 o - 2 potions of flight {!q}
 s - a potion of brilliance {!q}
 x - a potion of mutation {!q, unknown}
 B - 2 potions of might {!q, unknown}
 E - a potion of lignification {!q, unknown}
 I - a potion of haste {!q}
Comestibles
 f - 15 rations


   Skills:
 - Level 1.5 Fighting
 * Level 13.2 Throwing
 - Level 1.5 Dodging
 - Level 0.3 Stealth


You had 6 spell levels left.
You knew the following spells:

 Your Spells              Type           Power        Failure   Level  Hunger
b - Passwall              Tmut/Erth      #.......     50%         2    ###....

Your spell library contained the following spells:

 Spells                   Type           Power        Failure   Level  Hunger
 Swiftness                Chrm/Air       #.......     50%         2    ###....
 Passage of Golubria      Tloc           N/A          98%         4    #####..
 Lee's Rapid Deconstruct  Erth           #.........   100%        5    ######.
 Darkness                 Hex            #.........   100%        6    #######
 Invisibility             Hex            #.......     100%        6    #######


Dungeon Overview and Level Annotations

Branches:
Dungeon (9/15)             Temple (0/1) D:6
   Lair: D:8-11         Orc: D:9-12

Altars:
Dithmenos
Elyvilon
Makhleb
Nemelex Xobeh
Okawaru
Qazlal
Sif Muna
Trog
Uskayaw
Vehumet
Yredelemnul
The Shining One
Beogh

Annotations:
D:6 1 exclusion


Innate Abilities, Weirdness & Mutations

You are too large for most types of armour.
You have claws for hands.
Your metabolism is lightning-fast.
You like to eat raw meat.
Your natural rate of healing is unusually fast.
You are covered in fur. (AC +1)
You have extremely tough skin. (AC +3)


Message History

Quivering
L - 4 javelins for throwing.
Throwing (i - inventory. (/) - cycle)
L - 4 javelins (quivered)
Press: ? - help, Shift-Dir - straight line, f/p - hungry ghost
Aim: a hungry ghost (moderately damaged)
You throw a javelin.
The javelin pierces through the hungry ghost!!
You destroy the hungry ghost!
Okawaru accepts your kill.
c - a large rock
L - 4 javelins (gained 1);
c - 3 large rocks (gained 2)
c - 4 large rocks (gained 1)
e - 236 stones (gained 1)
There is a stone staircase leading down here.
The five-headed hydra roars!
The five-headed hydra is too close now for your liking.
Quiver which item? (- for none, * to show all) (? for menu, Esc to quit)
Quivering
c - 4 large rocks for throwing.
Throwing (i - inventory. (/) - cycle)
c - 4 large rocks (quivered)
Press: ? - help, Shift-Dir - straight line, f - five-headed hydra
Aim: a five-headed hydra You throw a large rock.
The large rock hits the five-headed hydra!!
The five-headed hydra is moderately wounded.
Unknown command.
Throwing (i - inventory. (/) - cycle)
c - 3 large rocks (quivered)
Press: ? - help, Shift-Dir - straight line, f/p - five-headed hydra
Aim: a five-headed hydra (moderately wounded)
You throw a large rock.
The large rock barely misses the five-headed hydra.
Unknown command.
Throwing (i - inventory. (/) - cycle)
c - 2 large rocks (quivered)
Press: ? - help, Shift-Dir - straight line, f/p - five-headed hydra
Aim: a five-headed hydra (moderately wounded)
You throw a large rock.
The large rock hits the five-headed hydra!
The five-headed hydra is heavily wounded.
The five-headed hydra completely misses you.
The five-headed hydra bites you. The five-headed hydra bites you! x2
The five-headed hydra closely misses you.
Unknown command.
Throwing (i - inventory. (/) - cycle)
c - a large rock (quivered)
Press: ? - help, Shift-Dir - straight line, f/p - five-headed hydra
Aim: a five-headed hydra (heavily wounded)
You throw a large rock.
The large rock hits the five-headed hydra.
The five-headed hydra is heavily wounded.
The five-headed hydra bites you!
* * * LOW HITPOINT WARNING * * *
The five-headed hydra barely misses you.
The five-headed hydra bites you!
* * * LOW HITPOINT WARNING * * *
The five-headed hydra bites you!
* * * LOW HITPOINT WARNING * * *
The five-headed hydra bites you but does no damage.
Unknown command.
Throwing (i - inventory. (/) - cycle)
d - 2 throwing nets (quivered)
Press: ? - help, Shift-Dir - straight line, f/p - five-headed hydra
Aim: a five-headed hydra (heavily wounded)
You throw a throwing net.
The throwing net barely misses the five-headed hydra.
The five-headed hydra closely misses you.
The five-headed hydra bites you but does no damage.
The five-headed hydra bites you!
You die...

.......#######.........###.).'...
.......# ##+######## #####...
.......# # #### .......# .#
>####### ###.# .########
..#.##### ........# #......(.
........# #........ ..).....#
#####@.(..... ........#
##..>..D......
........###..##...(.$...
.<......#...###....(....
..........### #####(####
........### .# .######## # . #


You could see a five-headed hydra.

Vanquished Creatures
  2 hippogriffs (D:7)
  A hungry ghost (D:9)
  2 ice beasts (D:6)
  2 orc warriors
  2 phantoms
  2 sky beasts (D:7)
  2 black bears (D:6)
  4 ogres
  3 centaurs
  2 bullfrogs
  A gnoll sergeant (D:4)
  A water moccasin zombie (D:6)
  A scorpion (D:9)
  4 howler monkeys
  2 crimson imps
  3 bullfrog zombies
  A quasit (D:8)
  A hound (D:9)
  8 orc wizards
  A centaur zombie (D:6)
  10 orc priests
  Terence (D:2)
  2 iguanas
  4 worker ants
  A hound zombie (D:5)
  3 hound skeletons
  A worker ant zombie (D:7)
  10 gnolls
  9 adders
  An ooze (D:5)
  2 adder skeletons
  A worm (D:5)
  8 leopard geckos
  45 orcs
  12 ball pythons
  8 giant cockroaches
  5 goblins
  6 hobgoblins
  20 jackals
  6 quokkas
  4 bats
  5 frilled lizards
  3 kobolds
  A quokka zombie (D:5)
  12 rats
225 creatures vanquished.

Vanquished Creatures (others)
  A plant (D:5)
1 creature vanquished.

Grand Total: 226 creatures vanquished

Notes
Turn   | Place    | Note
-------+----------+-------------------------------------------
     0 | D:1      | Amnesiac the Troll Hunter began the quest for the Orb.
     0 | D:1      | Reached XP level 1. HP: 19/19 MP: 0/0
   238 | D:1      | Reached skill level 4 in Throwing
   249 | D:1      | Reached XP level 2. HP: 27/27 MP: 1/1
   330 | D:1      | You fall into a shaft and drop 1 floor!
   402 | D:2      | Found a glowing golden altar of the Shining One.
   588 | D:2      | Noticed Terence
   637 | D:2      | Killed Terence
   637 | D:2      | Reached XP level 3. HP: 24/33 MP: 2/2
   835 | D:1      | Reached skill level 5 in Throwing
  1059 | D:1      | Reached XP level 4. HP: 41/41 MP: 3/3
  1207 | D:2      | Found a faded altar of an unknown god.
  1598 | D:2      | Found a stormy altar of Qazlal.
  1863 | D:3      | Found a white marble altar of Elyvilon.
  2437 | D:3      | Reached XP level 5. HP: 48/48 MP: 4/4
  2492 | D:4      | Reached skill level 6 in Throwing
  2580 | D:4      | Found an iron altar of Okawaru.
  2588 | D:4      | Became a worshipper of Warmaster Okawaru
  2670 | D:4      | Reached XP level 6. HP: 55/55 MP: 5/5
  2937 | D:4      | Reached skill level 7 in Throwing
  3163 | D:4      | Reached * piety under Okawaru
  3442 | D:5      | Entered Level 5 of the Dungeon
  3518 | D:4      | Reached XP level 7. HP: 62/62 MP: 6/6
  3570 | D:5      | Reached skill level 8 in Throwing
  4409 | D:5      | Found a burning altar of Makhleb.
  4410 | D:5      | Found a shimmering blue altar of Sif Muna.
  4623 | D:6      | Reached skill level 9 in Throwing
  4640 | D:6      | Found a bloodstained altar of Trog.
  4751 | D:6      | Reached XP level 8. HP: 70/70 MP: 7/7
  4752 | D:6      | Got a warped flail
  4753 | D:6      | Identified the cursed +0 flail of Shame {antimagic, rC+
                  | Stlth+} (You found it on level 6 of the Dungeon)
  4796 | D:6      | Reached ** piety under Okawaru
  4975 | D:6      | Reached skill level 10 in Throwing
  5079 | D:6      | Got a creamy pearl robe
  5090 | D:6      | Identified the +2 robe of Obroprim {rPois MR+ Str-2 Int+3}
                  | (You found it on level 6 of the Dungeon)
  5203 | D:6      | Found a staircase to the Ecumenical Temple.
  5586 | D:7      | Found a sparkling altar of Nemelex Xobeh.
  5587 | D:7      | Found a basalt altar of Yredelemnul.
  5587 | D:7      | Found a radiant altar of Vehumet.
  5781 | D:7      | Noticed a hippogriff
  5788 | D:7      | Killed a hippogriff
  5788 | D:7      | Reached skill level 11 in Throwing
  5952 | D:7      | Found a shadowy altar of Dithmenos.
  5989 | D:7      | Noticed a hippogriff
  5993 | D:7      | Killed a hippogriff
  5993 | D:7      | Reached *** piety under Okawaru
  5993 | D:7      | Reached XP level 9. HP: 75/76 MP: 8/8
  6223 | D:7      | Found a hide-covered altar of Uskayaw.
  6396 | D:7      | Found a shimmering blue altar of Sif Muna.
  6847 | D:8      | Received a gift from Okawaru
  6892 | D:7      | Reached skill level 12 in Throwing
  7248 | D:8      | Found a transporter.
  7312 | D:8      | Found a roughly hewn altar of Beogh.
  7312 | D:8      | Found a transporter.
  7676 | D:6      | Reached **** piety under Okawaru
  7941 | D:9      | Reached skill level 13 in Throwing
  8025 | D:9      | Learned a level 2 spell: Passwall
  8037 | D:9      | Noticed a five-headed hydra
  8082 | D:9      | Demolished by a five-headed hydra

Levels and vault maps discovered:
D:1:      dpeg_arrival_snail, layout_rooms
D:2:      layout_basic, lemuel_crystal_altar, chequers_ecumenical_altar_lobes,
          nicolae_qazlal_eye_of_the_storm, uniq_terence
D:3:      layout_rooms, lemuel_crystal_altar, minmay_shallow_snake_nest
D:4:      layout_basic, okawaru_metal_pillars_1_2, first_ration
D:5:      layout_loops_ring, gammafunk_temple_overflow_statue,
          saegor_snake_ambush
D:6:      layout_cave_pods, minmay_temple_entry_proselytizer,
          corexii_leaking_fountain, trog_wizard
D:7:      layout_cave_pods, lemuel_round_altar, grunt_temple_overflow_open,
          minmay_crystal_room, david_defended_altar_elf
D:8:      gammafunk_beogh_shrine, layout_cave_pools
D:9:      layout_roguey [special_room_bee], kennysheep_mini,
          hangedman_pestilent_swarm

Skill      XL: |  1  2  3  4  5  6  7  8  9 |
---------------+----------------------------+-----
Throwing       | 4 5 6 7 9 11 13 | 13.2
Fighting       | |  1.5
Dodging        | |  1.5
Stealth        | |  0.3

Action                   |  1- 3 |  4- 6 |  7- 9 || total
-------------------------+-------+-------+-------++-------
Melee: Unarmed           |     4 |     1 |    11 ||    16
       Dagger            |       |   108 |    41 ||   149
       Flail             |       |       |     1 ||     1
Throw: Stone             |   154 |   167 |   460 ||   781
       Large rock        |     2 |     3 |    17 ||    22
       Boomerang         |       |       |    58 ||    58
       Javelin           |       |       |     7 ||     7
       Throwing net      |       |       |     1 ||     1
Invok: Heroism           |       |       |     1 ||     1
  Use: Scroll            |       |     7 |     6 ||    13
       Potion            |       |     2 |       ||     2
 Stab: Sleeping          |       |     2 |       ||     2
  Eat: Chunk             |    15 |    22 |    40 ||    77
Armor: Robe              |    50 |    49 |    72 ||   171
Dodge: Dodged            |    55 |    79 |    92 ||   226

Table legend:
 A = Non-vault XP
 B = Vault XP
 C = Vault XP percentage of total XP
 D = Non-vault monster count
 E = Vault monster count
 F = Vault count percentage of total count
                 A         B        C        D         E       F
            +---------+---------+-------+---------+---------+-------
      Total |    4761 |     656 |  12.1 |     198 |      27 |  12.0
            +---------+---------+-------+---------+---------+-------
        D:1 |      38 |       0 |   0.0 |      25 |       0 |   0.0
        D:2 |      75 |      36 |  32.4 |      23 |       1 |   4.2
        D:3 |      46 |      23 |  33.3 |      20 |       8 |  28.6
        D:4 |     521 |       0 |   0.0 |      21 |       0 |   0.0
        D:5 |     444 |       1 |   0.2 |      26 |       1 |   3.7
        D:6 |     903 |      41 |   4.3 |      28 |       1 |   3.4
        D:7 |    1304 |       0 |   0.0 |      23 |       0 |   0.0
        D:8 |     737 |     555 |  43.0 |      24 |      16 |  40.0
        D:9 |     693 |       0 |   0.0 |       8 |       0 |   0.0
            +---------+---------+-------+---------+---------+-------
